 Dungeon Crawl Stone Soup version 0.16.0-18-g484a79e (webtiles) character file.

146 maniek23 the Shield-Bearer (level 5, -2/46 HPs)
             Began as a Minotaur Fighter on Mar 22, 2015.
             Slain by an orc priest
             ... wielding a +0 hand axe
              (8 damage)
             ... on level 3 of the Dungeon.
             The game lasted 00:07:49 (1671 turns).

maniek23 the Shield-Bearer (Minotaur Fighter)       Turns: 1671, Time: 00:07:49

Health: -2/46      AC:  7    Str: 21    XL:     5   Next: 7%
Magic:  11/11      EV:  8    Int:  5    God:
Gold:   105        SH: 10    Dex: 10    Spells: 0 memorised, 4 levels left

rFire  . . .     SeeInvis .     a - +0 war axe
rCold  . . .     Clarity  .     b - +0 scale mail
rNeg   . . .     SustAb   .     c - +0 shield
rPois  .         Gourm    .     (helmet restricted)
rElec  .         Spirit   .     (no cloak)
rCorr  .         Warding  .     (no gloves)
rMut   .         Stasis   .     (no boots)
MR     .....                    (no amulet)
Stlth  ..........               (no ring)
                                n - ring of magical power

@: not resistant to hostile enchantments, extremely unstealthy
A: retaliatory headbutt, horns 2
a: no special abilities


You were on level 3 of the Dungeon.
You were not hungry.

You visited 1 branch of the dungeon, and saw 3 of its levels.
You also visited: Sewer.

You collected 105 gold pieces.

Inventory:

Hand weapons
 a - a +0 war axe (weapon)
Missiles
 v - 7 tomahawks (quivered)
Armour
 b - a +0 scale mail (worn)
 c - a +0 shield (worn)
Jewellery
 n - a ring of magical power (left hand)
Magical devices
 x - a wand of digging (15)
Scrolls
 h - a scroll of random uselessness {unknown}
 i - 3 scrolls of teleportation {unknown}
 j - 6 scrolls of identify {unknown}
 p - a scroll of noise {unknown}
 t - a scroll of immolation {unknown}
 u - a scroll of recharging {unknown}
 y - a scroll of remove curse {unknown}
 A - a scroll of fear {unknown}
 B - a scroll of blinking {unknown}
 C - a scroll of magic mapping {unknown}
Potions
 e - 2 potions of might
 f - 4 potions of heal wounds {unknown}
 k - a potion of haste {unknown}
 l - 2 potions of brilliance {unknown}
 o - 2 potions of curing {unknown}
 q - 2 potions of lignification {unknown}
 r - a potion of degeneration {unknown}
 s - a potion of agility {unknown}
 z - a potion of berserk rage {unknown}
Books
 w - a book of Air

   Spells                             Type                      Level
   a - Shock                          Conjuration/Air              1
   b - Swiftness                      Charms/Air                   2
   c - Repel Missiles                 Charms/Air                   2
   d - Flight                         Charms/Air                   3
   e - Static Discharge               Conjuration/Air              3
   f - Lightning Bolt                 Conjuration/Air              5
Comestibles
 d - a bread ration
 g - 4 chunks of flesh
 m - a meat ration


   Skills:
 + Level 4.3 Fighting
 + Level 3.2 Axes
 + Level 4.6 Armour
 + Level 1.5 Dodging
 + Level 0.1 Stealth
 + Level 5.0 Shields


You had 4 spell levels left.
You didn't know any spells.

Dungeon Overview and Level Annotations

Branches:
Dungeon (3/15)

Altars:
Nemelex Xobeh


Innate Abilities, Weirdness & Mutations

You reflexively headbutt those who attack you in melee.
You have a pair of horns on your head.


Message History

Something smites you!
You closely miss the orc priest. You hit the orc.
The orc is moderately wounded.
You slash the orc!
You kill the orc!
You block the orc's attack. The orc hits you with a hand axe.
* * * LOW HITPOINT WARNING * * *
The orc priest barely misses you. The orc hits you but does no damage.
The orc hits you with a hand axe.
* * * LOW HITPOINT WARNING * * *
A rat comes into view.
You hit the orc priest.
The orc priest is heavily wounded.
The orc priest hits you with a hand axe.
* * * LOW HITPOINT WARNING * * *
The orc barely misses you.
You closely miss the orc priest.
The orc priest is heavily wounded.
The orc priest hits you with a hand axe!
You die...

#..# .. ###
#..##.# # ..#
#....## .. #.#
##o##.#.# #.#
#..o.#.## #.#
#..gr...# #.#
#.oo###.# #.# #
###o#≈# # #.###
#@#.#. #.##.
#.#≈#.# #.#.#
#.#≈#.# #..##
#.#≈#.# ####.##
#.#≈#.# #.....##
#.#≈#.#####.####.#
#)#≈#.##..........
#.#≈#.##.##.######
#.[......##.# #


You could see an orc priest, 4 orcs, a goblin and a rat.

Vanquished Creatures
  3 adders
  5 river rats (Sewer)
  2 giant mites
  A giant gecko (D:1)
  5 orcs (D:3)
  3 giant cockroaches (D:2)
  2 hobgoblins
  7 kobolds
  A quokka (D:2)
  4 ball pythons
  6 bats
  9 giant newts
  8 goblins
  16 rats
72 creatures vanquished.

Notes
Turn   | Place    | Note
--------------------------------------------------------------
     0 | D:1      | maniek23, the Minotaur Fighter, began the quest for the Orb.
     0 | D:1      | Reached XP level 1. HP: 19/19 MP: 1/1
   189 | D:1      | Reached XP level 2. HP: 27/27 MP: 1/1
   192 | D:1      | Reached skill level 4 in Shields
   641 | D:2      | Reached XP level 3. HP: 33/33 MP: 2/2
  1240 | D:3      | Found a glowing drain.
  1248 | D:3      | Reached XP level 4. HP: 33/40 MP: 2/2
  1256 | Sewer    | Entered a sewer
  1345 | Sewer    | Reached skill level 1 in Dodging
  1531 | Sewer    | Reached skill level 5 in Shields
  1531 | Sewer    | Reached XP level 5. HP: 32/46 MP: 2/2
  1649 | D:3      | Found a sparkling altar of Nemelex Xobeh.
  1671 | D:3      | Slain by an orc priest

Action                   |  1- 3 |  4- 6 || total
-------------------------+-------+-------++-------
Melee: War axe           |   110 |    56 ||   166
  Eat: Chunk             |     1 |     2 ||     3
